 Dungeon Crawl Stone Soup version 0.14.0-26-g1682e81 (webtiles) character file.

1268 Heini the Cleaver (level 8, -2/63 HPs)
             Began as a Hill Orc Fighter on Apr 27, 2014.
             Slain by an orc warrior
             ... wielding a +0,+0 glaive
              (11 damage)
             ... on Level 6 of the Dungeon on Apr 28, 2014.
             The game lasted 00:12:54 (3186 turns).

Heini the Cleaver (Hill Orc Fighter)                Turns: 3186, Time: 00:12:54

HP  -2/63        AC 12     Str 21      XL: 8   Next: 28%
MP   8/8         EV  5     Int  8      God:
Gold 199         SH 18     Dex  9 (10) Spells:  0 memorised,  7 levels left

rFire  + + .     SeeInvis .     v - +0 war axe
rCold  . . .     Rnd*Rage +     y - +0 chain mail
rNeg   . . .     Conserve .     c - +0 shield
rPois  .         rCorr    .     (no helmet)
rElec  .         rRot     .     g - +1 cloak
SustAb . .       Spirit   .     (no gloves)
rMut   .         Warding  .     (no boots)
Saprov + . .     Stasis   .     (no amulet)
MR     .....                    (no ring)
                                (no ring)

@: not resistant to hostile enchantments, extremely unstealthy
A: berserk 1, fire resistance 2, fast metabolism 1, frail 1, sense surroundings
1, saprovore 1
a: no special abilities


You were on level 6 of the Dungeon.
You were hungry.

You visited 1 branch of the dungeon, and saw 6 of its levels.

You collected 199 gold pieces.

Inventory:

Hand weapons
 a - a +0,+0 war axe
 v - a +0,+0 war axe (weapon)
Armour
 b - a +0 scale mail
 c - a +0 shield (worn)
 g - a +1 cloak (worn)
 y - a +0 chain mail (worn)
Magical devices
 n - a wand of frost (7)
 B - a wand of magic darts (18) {unknown}
Comestibles
 d - 2 meat rations
 q - a choko
 r - 2 bread rations
 C - a rotting chunk of rat flesh
Scrolls
 f - 4 scrolls of teleportation
 h - 2 scrolls of enchant armour
 j - a scroll of fog
 l - 3 scrolls of amnesia
 s - 4 scrolls of remove curse
 x - 3 scrolls of fear {unknown}
Potions
 e - a potion of restore abilities
 i - 2 potions of resistance
 k - a potion of brilliance
 o - a potion of agility
 p - 2 potions of heal wounds
 t - 2 potions of curing
 w - a potion of berserk rage
 z - a potion of might
 D - a potion of magic {unknown}


   Skills:
 * Level 6.7 Fighting
 * Level 8.6 Axes
 * Level 6.4 Armour
 - Level 3.4 Shields


You had 7 spell levels left.
You didn't know any spells.

Dungeon Overview and Level Annotations

Branches:
Dungeon (6/15)
 Temple: D:4-7

Altars:
Ashenzari

Annotations:
D:2 Sigmund


Innate Abilities, Weirdness & Mutations

You can tolerate rotten meat.
You tend to lose your temper in combat.
Your flesh is very heat resistant.
You have a fast metabolism.
You are frail (-10% HP).
You passively map a small area around you.


Message History

* * * LOW HITPOINT WARNING * * *
You closely miss the orc warrior.
The orc warrior is heavily wounded.
The orc warrior hits you but does no damage.
You closely miss the orc warrior.
The orc warrior is heavily wounded.
The orc warrior barely misses you.
You barely miss the orc warrior.
The orc warrior is heavily wounded.
You block the orc warrior's attack.
Your shield and chain mail prevent you from hitting the orc warrior.
The orc warrior is heavily wounded.
You closely miss the orc warrior.
The orc warrior is heavily wounded.
You block the orc warrior's attack.
You hit the orc warrior but do no damage.
The orc warrior is heavily wounded.
The orc wizard casts a spell.
The orc wizard seems to speed up.
The orc warrior hits you with a glaive!
You die...

, #............. ,
#..###.......# * ,,,
#.## #.......# , * #.#
#.......# * #.#
#####.#.# * * #.# **
.#. # * ##.######....
,
#.####.####...........
......oo@%..#.###...<.
* .####.#####...# . ,
, ##### * ,* , , ****
, , , * ,,* , , ,


You could see an orc warrior and an orc wizard.

Vanquished Creatures
  The ghost of patrikchr the Archer, an average HEHu (D:5)
  A sky beast (D:4)
  A centaur (D:5)
  An ogre (D:5)
  2 giant frogs
  A hound (D:4)
  An orc priest (D:5)
  A quasit (D:6)
  An iguana (D:5)
  5 worker ants
  Ijyb (D:2)
  Jessica (D:3)
  Terence (D:3)
  A shadow imp (D:5)
  4 adders
  A worm (D:4)
  An adder zombie (D:5)
  2 orc zombies (D:5)
  4 giant geckos
  An ooze (D:4)
  8 orcs
  7 bats
  2 giant cockroaches (D:3)
  15 goblins
  11 hobgoblins
  4 giant newts
  A goblin skeleton (D:4)
  A hobgoblin skeleton (D:5)
  A hobgoblin zombie (D:5)
  12 jackals
  10 kobolds
  15 rats
119 creatures vanquished.

Vanquished Creatures (others)
  A sky beast (D:5)
1 creature vanquished.

Grand Total: 120 creatures vanquished

Notes
Turn   | Place    | Note
--------------------------------------------------------------
     0 | D:1      | Heini, the Hill Orc Fighter, began the quest for the Orb.
     0 | D:1      | Reached XP level 1. HP: 19/19 MP: 1/1
    66 | D:1      | Reached XP level 2. HP: 25/27 MP: 2/2
   195 | D:1      | Reached skill level 4 in Fighting
   439 | D:1      | Reached XP level 3. HP: 30/33 MP: 3/3
   742 | D:2      | Noticed Ijyb
   752 | D:2      | Killed Ijyb
   766 | D:2      | Reached XP level 4. HP: 34/41 MP: 4/4
   818 | D:2      | Noticed Sigmund
  1026 | D:3      | Noticed Jessica
  1032 | D:3      | Killed Jessica
  1277 | D:3      | Noticed Terence
  1282 | D:3      | Killed Terence
  1299 | D:3      | Reached XP level 5. HP: 29/47 MP: 5/5
  1373 | D:3      | Noticed a giant frog
  1377 | D:3      | Killed a giant frog
  1377 | D:3      | Reached skill level 5 in Fighting
  1720 | D:4      | Reached skill level 5 in Axes
  1760 | D:4      | Reached XP level 6. HP: 50/56 MP: 6/6
  1861 | D:4      | Noticed a sky beast
  1866 | D:4      | Reached skill level 5 in Armour
  1875 | D:4      | Killed a sky beast
  1875 | D:4      | Reached skill level 6 in Axes
  2303 | D:5      | Entered Level 5 of the Dungeon
  2340 | D:5      | Reached XP level 7. HP: 44/62 MP: 7/7
  2358 | D:5      | Reached skill level 7 in Axes
  2532 | D:5      | Found a shattered altar of Ashenzari.
  2575 | D:5      | Gained mutation: You tend to lose your temper in combat. [potion of mutation]
  2575 | D:5      | Gained mutation: Your flesh is heat resistant. [potion of mutation]
  2575 | D:5      | Gained mutation: You have a fast metabolism. [potion of mutation]
  2576 | D:5      | Gained mutation: You passively map a small area around you. [potion of mutation]
  2576 | D:5      | Gained mutation: You are frail (-10% HP). [potion of mutation]
  2576 | D:5      | Gained mutation: Your flesh is very heat resistant. [potion of mutation]
  2770 | D:5      | Noticed patrikchr's ghost (average HEHu)
  2786 | D:5      | Killed patrikchr's ghost
  2786 | D:5      | Reached skill level 8 in Axes
  2786 | D:5      | Reached XP level 8. HP: 35/63 MP: 8/8
  3186 | D:6      | Slain by an orc warrior

Action                   |  1- 3 |  4- 6 |  7- 9 || total
-------------------------+-------+-------+-------++-------
Melee: War axe           |   107 |   168 |   157 ||   432
  Use: Potion            |     1 |       |     2 ||     3
       Scroll            |       |     8 |     5 ||    13
